 Dungeon Crawl Stone Soup version 0.29.0-15-g675c0067aa (webtiles) character file.

Game seed: 13258912829890495880

88 qw the Chopper (level 4, -5/28 HPs)
             Began as a Gargoyle Fighter on Sept 12, 2022.
             Slain by a gnoll
             ... wielding a +0 spear
             ... led by a gnoll bouda
              (7 damage)
             ... on level 2 of the Dungeon.
             The game lasted 00:00:45 (2708 turns).

qw the Chopper (Gargoyle Fighter)                   Turns: 2708, Time: 00:00:45

Health: -5/28      AC: 10    Str: 22    XL:     4   Next: 54%
Magic:  4/4        EV:  9    Int:  8    God:
Gold:   63         SH:  4    Dex:  9    Spells: 3/3 levels left

rFire   . . .      SeeInvis .   Y - +0 war axe
rCold   . . .      Faith    .   c - +0 buckler
rNeg    + . .      Spirit   .   b - +0 scale mail
rPois   inf        Reflect  .   (no helmet)
rElec   +          Harm     .   (no cloak)
rCorr   .          Rampage  .   (no gloves)
Will    .....                   (no boots)
Stlth   ..........              (no amulet)
HPRegen 0.09/turn               (no ring)
MPRegen 0.09/turn               (no ring)

@: weakened
A: sickness immunity, AC +3, negative energy resistance 1, electricity
resistance, torment resistance 1, petrification resistance
a: no special abilities


You were on level 2 of the Dungeon.
You visited 1 branch of the dungeon, and saw 2 of its levels.

You collected 63 gold pieces.


Innate Abilities, Weirdness & Mutations

You are immune to sickness and miasma.
Your stone body is resilient. (AC +3)
You are immune to poison.
You resist negative energy. (rN+)
You are resistant to electric shocks. (rElec)
You are resistant to unholy torment.
You are immune to petrification.


   Skills:
 - Level 3.2 Fighting
 + Level 3.9 Axes
 - Level 1.1 Throwing
 - Level 3.2 Armour
 - Level 3.2 Shields


You had 3 spell levels left.
You didn't know any spells.
Your spell library was empty.

Inventory:

Hand Weapons
 e - a +0 whip
 Y - a +0 war axe (weapon)
Missiles
 k - 2 javelins (quivered)
Armour
 b - a +0 scale mail (worn)
 c - a +0 buckler (worn)
Jewellery
 l - a +6 ring of dexterity
Scrolls
 g - a scroll of enchant armour {unknown}
 i - a scroll of identify
Potions
 a - a potion of curing {unknown}
 d - 2 potions of might
 f - a potion of heal wounds {unknown}
 h - a potion of mutation {unknown}
 j - a potion of haste {unknown}

Dungeon Overview and Level Annotations

Branches:
Dungeon (2/15)

Altars:


Message History

You kill the gnoll!
You barely miss the gnoll. You barely miss the gnoll bouda.
The gnoll barely misses you. The gnoll completely misses you.
The gnoll barely misses you.
Your Throwing skill increases to level 1!
You slash the gnoll bouda!
The gnoll bouda is almost dead.
You barely miss the gnoll.
The gnoll bouda prays to its god.
The gnoll bouda is healed somewhat.
The gnoll misses you.
The gnoll hits you from afar with a +0 spear.
You closely miss the gnoll bouda.
The gnoll bouda is severely wounded.
You hit the gnoll but do no damage. The gnoll closely misses you.
The gnoll bouda gazes fiercely through you!
You feel your attacks grow feeble.
The gnoll bouda hits you with a +0 whip.
The gnoll hits you but does no damage. The gnoll closely misses you.
The gnoll bouda gazes fiercely through you!
You feel as though you will be weak longer.
You block the gnoll bouda's attack.
You barely miss the gnoll bouda.
The gnoll bouda is severely wounded.
You barely miss the gnoll. You block the gnoll's attack.
The gnoll bouda hits you with a +0 whip!
The gnoll closely misses you. The gnoll hits you but does no damage.
You hit the gnoll bouda.
The gnoll bouda is almost dead.
You hit the gnoll. You block the gnoll's attack.
The gnoll bouda hits you with a +0 whip.
The gnoll hits you but does no damage.
You hit the gnoll bouda.
You kill the gnoll bouda!
You hit the gnoll.
You kill the gnoll!
The gnoll hits you from afar with a +0 spear!
You die...

########## #.#
#.# #.# #.#
#.# #
##.###### #
######.......#
#
........####.#
# ######.@)# #
#.).).# #
##.g..... #
#..####.# #
#..# # #...
##'# ...


You could see a gnoll (swift).

Vanquished Creatures
  A gnoll bouda (D:2)
  2 gnolls (D:2)
  3 adders (D:2)
  A worm (D:2)
  A dart slug (D:1)
  An endoplasm (D:1)
  2 giant cockroaches
  4 goblins (D:1)
  5 hobgoblins
  4 jackals (D:1)
  6 kobolds
  2 quokkas (D:2)
  5 ball pythons (D:1)
  4 bats
  5 frilled lizards
  4 rats
50 creatures vanquished.

Notes
Turn   | Place    | Note
-------+----------+-------------------------------------------
     0 | D:1      | qw the Gargoyle Fighter began the quest for the Orb.
     0 | D:1      | Reached XP level 1. HP: 14/14 MP: 1/1
     0 | D:1      | 0 ||| qw: Version: 0.1-a-119-g272c26d
     0 | D:1      | 0 ||| qw: Game counter: 10766
     0 | D:1      | 0 ||| qw: Always use a shield: true
     0 | D:1      | 0 ||| qw: God list: Okawaru
     0 | D:1      | 0 ||| qw: Allow faded altars: false
     0 | D:1      | 0 ||| qw: Do Orc after D:15 true
     0 | D:1      | 0 ||| qw: Do second Lair branch before Depths: true
     0 | D:1      | 0 ||| qw: Lair rune preference: random
     0 | D:1      | 0 ||| qw: Plans: Normal, Zot, God:TSO, Crypt, Tomb, Pan,
                  | Slime, Hells, Zig, Abyss, Orb
     0 | D:1      | 0 ||| PLANNING D:1-11
   286 | D:1      | Reached XP level 2. HP: 19/19 MP: 2/2
   337 | D:1      | 337 ||| Stepping ~*~*~tactically~*~*~ (stealth).
   339 | D:1      | 339 ||| Stepping ~*~*~tactically~*~*~ (stealth).
   683 | D:1      | 683 ||| Stepping ~*~*~tactically~*~*~ (stealth).
   686 | D:1      | 686 ||| Stepping ~*~*~tactically~*~*~ (stealth).
   690 | D:1      | Reached skill level 3 in Axes
   695 | D:1      | 695 ||| Stepping ~*~*~tactically~*~*~ (stealth).
   743 | D:1      | 743 ||| Stepping ~*~*~tactically~*~*~ (stealth).
   787 | D:1      | Reached XP level 3. HP: 13/23 MP: 3/3
   924 | D:1      | Found a faded altar of an unknown god.
  1069 | D:1      | 1069 ||| Stepping ~*~*~tactically~*~*~ (stealth).
  1070 | D:1      | 1070 ||| Stepping ~*~*~tactically~*~*~ (stealth).
  1071 | D:1      | 1071 ||| Stepping ~*~*~tactically~*~*~ (stealth).
  1072 | D:1      | 1072 ||| Stepping ~*~*~tactically~*~*~ (stealth).
  1079 | D:1      | 1079 ||| Stepping ~*~*~tactically~*~*~ (stealth).
  1082 | D:1      | 1082 ||| Stepping ~*~*~tactically~*~*~ (stealth).
  1090 | D:1      | 1090 ||| Stepping ~*~*~tactically~*~*~ (stealth).
  1092 | D:1      | 1092 ||| Stepping ~*~*~tactically~*~*~ (stealth).
  1093 | D:1      | 1093 ||| Stepping ~*~*~tactically~*~*~ (stealth).
  1094 | D:1      | 1094 ||| Stepping ~*~*~tactically~*~*~ (stealth).
  1097 | D:1      | 1097 ||| Stepping ~*~*~tactically~*~*~ (stealth).
  1106 | D:1      | 1106 ||| Stepping ~*~*~tactically~*~*~ (stealth).
  1149 | D:1      | 1149 ||| Stepping ~*~*~tactically~*~*~ (hiding).
  1344 | D:1      | 1344 ||| Stepping ~*~*~tactically~*~*~ (stealth).
  1345 | D:1      | 1345 ||| Stepping ~*~*~tactically~*~*~ (stealth).
  1651 | D:1      | 1651 ||| READING scroll labelled ACIKKA OGYRPH.
  1652 | D:1      | 1652 ||| READING scroll labelled SIHUUCO ZOPRON.
  1653 | D:1      | 1653 ||| READING scroll labelled OWOITO HEGIEZU.
  1980 | D:2      | 1980 ||| Stepping ~*~*~tactically~*~*~ (stealth).
  1990 | D:2      | HP: 1/23 [worm (9)]
  2412 | D:2      | Reached XP level 4. HP: 28/28 MP: 4/4
  2704 | D:2      | Reached skill level 1 in Throwing
  2706 | D:2      | HP: 5/28 [gnoll bouda/+0 whip (8)]
  2707 | D:2      | HP: 2/28 [gnoll bouda/+0 whip (3)]
  2708 | D:2      | Slain by a gnoll

Levels and vault maps discovered:
D:1:      dpeg_arrival_round_c, layout_loops_corners,
          nicolae_ecumenical_snake_handling
D:2:      layout_loops_corners

Skill      XL: |  1  2  3  4 |
---------------+-------------+-----
Axes           | 2 3 |  3.9
Throwing       | 1 |  1.1
Fighting       | |  3.2
Armour         | |  3.2
Shields        | |  3.2

Action                   |  1- 3 |  4- 6 || total
-------------------------+-------+-------++-------
Melee: War axe           |   140 |    24 ||   164
Throw: Javelin           |     2 |     3 ||     5
  Use: Scroll            |     3 |       ||     3
Armor: Scale mail        |    75 |    16 ||    91
Dodge: Dodged            |    76 |    16 ||    92
Block: Buckler           |    32 |     5 ||    37

Table legend:
 A = Non-vault XP
 B = Vault XP
 C = Vault XP percentage of total XP
 D = Non-vault monster count
 E = Vault monster count
 F = Vault count percentage of total count
                 A         B        C        D         E       F
            +---------+---------+-------+---------+---------+-------
      Total |     179 |       3 |   1.6 |      47 |       3 |   6.0
            +---------+---------+-------+---------+---------+-------
        D:1 |      53 |       3 |   5.4 |      32 |       3 |   8.6
        D:2 |     126 |       0 |   0.0 |      15 |       0 |   0.0
            +---------+---------+-------+---------+---------+-------
